 Dungeon Crawl Stone Soup version 0.28.0 (webtiles) character file.

Game seed: 10002554202099219619

38 crazypyro the Chopper (level 3, 0/28 HPs)
             Began as a Demonspawn Gladiator on Feb 5, 2022.
             Slain by an orc wizard (1 damage)
             ... on level 1 of the Dungeon.
             The game lasted 00:01:08 (1145 turns).

crazypyro the Chopper (Demonspawn Gladiator)        Turns: 1145, Time: 00:01:09

Health: 0/28       AC:  4    Str: 16    XL:     3   Next: 25%
Magic:  3/3        EV: 12    Int:  9    God:
Gold:   22         SH:  0    Dex: 14    Spells: 2/2 levels left

rFire   . . .      SeeInvis .   a - +0 war axe
rCold   . . .      Faith    .   (no shield)
rNeg    . . .      Spirit   .   b - +0 leather armour
rPois   .          Reflect  .   c - +0 helmet
rElec   .          Harm     .   (no cloak)
rCorr   .          Rampage  .   (no gloves)
Will    .....                   (no boots)
Stlth   +.........              (no amulet)
HPRegen 0.09/turn               (no ring)
MPRegen 0.08/turn               (no ring)

@: confused
A: weakness stinger 1
a: no special abilities


You were on level 1 of the Dungeon.
You visited 1 branch of the dungeon, and saw 2 of its levels.

You collected 22 gold pieces.

Inventory:

Hand Weapons
 a - a +0 war axe (weapon)
Missiles
 d - 3 throwing nets (quivered)
Armour
 b - a +0 leather armour (worn)
 c - a +0 helmet (worn)
Jewellery
 g - a ring of protection from fire
Scrolls
 e - a scroll of summoning {unknown}
Potions
 f - a potion of curing {unknown}
 h - a potion of brilliance {unknown}
 i - a potion of heal wounds {unknown}


   Skills:
 + Level 2.4 Fighting
 * Level 3.2 Axes
 - Level 1.8 Throwing
 + Level 0.9 Armour
 + Level 3.0 Dodging


You had 2 spell levels left.
You didn't know any spells.
Your spell library was empty.

Dungeon Overview and Level Annotations

Branches:
Dungeon (2/15)

Altars:
Gozag


Innate Abilities, Weirdness & Mutations

You have a small tail.


Message History

There is a stone staircase leading up here.
The kobold throws a stone.
The orc wizard gestures at you while chanting.
The magic dart hits something.
In your confused state, you trip and fall back down the stairs.
Something barely misses you.
Unknown command.
Something hits you but does no damage. The frilled lizard barely misses you.
In your confused state, you trip and fall back down the stairs.
Something hits you but does no damage.
The kobold throws a stone.
The stone hits you but does no damage. The frilled lizard closely misses you.
Unknown command.
The quokka barely misses you. Something hits you.
The kobold throws a stone.
The stone hits you.
The frilled lizard bites you but does no damage.
You climb upwards.
Reactivating autopickup.
There is a stone staircase leading down here.
Unknown command.
You are too confused!
You are too confused!
You bump into the rock wall.
The quokka misses you.
You hear some strange, mumbled words.
Deactivating autopickup; reactivate with Ctrl-A.
You are more confused.
The frilled lizard bites you but does no damage.
You barely miss the frilled lizard. You miss the quokka. You slash something!
The quokka closely misses you. Something hits you.
The frilled lizard bites you. The quokka misses you.
You closely miss the frilled lizard. You miss something.
You barely miss the quokka. Something hits you.
The frilled lizard closely misses you. The quokka closely misses you.
You hear some strange, mumbled words.
A puff of flame appears from out of thin air!
The puff of flame hits you!
* * * LOW HITPOINT WARNING * * *
You miss the frilled lizard. You closely miss the quokka.
You barely miss something. The quokka barely misses you.
The frilled lizard barely misses you. Something hits you.
You die...

#.# #...##########..##.#
#.# #................#.#
#.######...##########...#.#
#..........# #...#..
########...##########......
##.......(.......####
#................#
#..#l#############
##..#@#########
#...r.{.....(.#
#...#.#######.# #.......#
#.# #.......#####.##
#.........>....#
#.......#####..# #.#.....#
#..# #.###.#.# #..#


You could see a quokka and a frilled lizard.

Vanquished Creatures
  4 dart slugs (D:1)
  An orc (D:2)
  5 endoplasms (D:1)
  6 hobgoblins (D:1)
  A quokka (D:2)
  2 ball pythons (D:1)
  5 bats (D:1)
  A kobold (D:1)
  A rat (D:1)
26 creatures vanquished.

Notes
Turn   | Place    | Note
-------+----------+-------------------------------------------
     0 | D:1      | crazypyro the Demonspawn Gladiator began the quest for the
                  | Orb.
     0 | D:1      | Reached XP level 1. HP: 16/16 MP: 1/1
   259 | D:1      | Gained mutation: You have a small tail. [demonic ancestry]
   259 | D:1      | Reached XP level 2. HP: 21/22 MP: 2/2
   982 | D:1      | Reached XP level 3. HP: 27/28 MP: 3/3
  1123 | D:2      | Found an opulent altar of Gozag.
  1144 | D:1      | HP: 1/28 [something/puff of flame (10)]
  1145 | D:1      | Slain by an orc wizard

Illustrated notes

Levels and vault maps discovered:
D:1:      minmay_arrival_diagonal_passages, layout_loops_ring,
          minmay_misc_feat_enclosed, corner_web_ring
D:2:      layout_loops_ring, nicolae_ecumenical_snake_handling, basic_altar

Skill      XL: |  1  2  3 |
---------------+----------+-----
Axes           | 3 |  3.2
Dodging        | 3 |  3.0
Fighting       | |  2.4
Throwing       | |  1.8
Armour         | |  0.9

Action                   || total
-------------------------++-------
Melee: War axe           ||    75
       Punch             ||     1
       Tailslap          ||     1
Armor: Leather armour    ||    39
Dodge: Dodged            ||    77
